 Dungeon Crawl Stone Soup version 0.30.1-9-gdf580d7c3d (webtiles) character file.

Game seed: 5208928168568211253

403 Chiseanne the Ducker (level 6, -2/47 HPs)
             Began as a Demonspawn Wanderer on Oct 9, 2023.
             Killed by divine providence
             ... invoked by an orc priest
              (16 damage)
             ... on level 5 of the Dungeon.
             The game lasted 00:09:45 (3612 turns).

Chiseanne the Ducker (Demonspawn Wanderer)          Turns: 3612, Time: 00:09:46

Health: -2/47      AC:  7    Str: 10    XL:     6   Next: 55%
Magic:  10/10      EV: 11    Int: 15    God:
Gold:   184        SH:  4    Dex: 15    Spells: 10/11 levels left

rFire   . . .        s - +0 long sword
rCold   + . .        (no shield)
rNeg    . . .        e - +1 ring mail
rPois   .            p - +0 hat
rElec   .            v - +0 cloak
rCorr   .            (no gloves)
SInv    .            (no boots)
Will    .....        (no amulet)
Stlth   +            t - ring of protection from cold
HPRegen 0.27/turn    (no ring)
MPRegen 0.12/turn

%: no passive effects
@: no status effects
A: horns 2, large bone plates 1
a: no special abilities


You were on level 5 of the Dungeon.
You visited 2 branches of the dungeon, and saw 6 of its levels.

You collected 184 gold pieces.

Inventory:

Hand Weapons
 a - a +2 short sword
 s - a +0 long sword (weapon)
 w - the +5 sling of Woe {heavy, MP+9}
   (You found it on level 2 of the Dungeon)

   MP:        It affects your magic capacity (+9).
Missiles
 f - 75 stones
 l - 4 poisoned darts
Armour
 e - a +1 ring mail (worn)
 p - a +0 hat (worn)
 v - a +0 cloak (worn)
Jewellery
 r - a ring of magical power
 t - a ring of protection from cold (left hand)
Wands
 b - a wand of polymorph (7)
 o - a wand of iceblast (5)
Scrolls
 i - a scroll of identify
Potions
 c - a potion of ambrosia {unknown}
 d - a potion of degeneration {unknown}
 g - 2 potions of berserk rage
 h - 2 potions of brilliance
 j - 4 potions of lignification {unknown}
 k - a potion of heal wounds {unknown}
 m - 3 potions of curing {unknown}
 n - a potion of might {unknown}
 u - a potion of haste {unknown}


   Skills:
 * Level 3.3 Fighting
 - Level 1.7 Short Blades
 * Level 2.8 Armour
 * Level 3.5 Dodging
 * Level 3.1 Spellcasting
 - Level 1.0 Earth Magic
 - Level 1.2 Invocations
 - Level 2.0 Evocations


You had 10 spell levels left.
You knew the following spells:

 Your Spells              Type           Power      Damage    Failure   Level
a - Sandblast             Erth           10%        2d5       32%         1

Your spell library contained the following spells:

 Spells                   Type           Power      Damage    Failure   Level
 Cigotuvi's Dreadful Rot  Necr/Pois/Air  4%         N/A       58%         2
 Stone Arrow              Conj/Erth      6%         3d7       75%         3
 Dazzling Flash           Conj/Hex       4%         N/A       82%         3
 Ignite Poison            Fire/Tmut/Pois 2%         N/A       82%         3
 Volatile Blastmotes      Fire/Tloc      4%         2d10      82%         3
 Iskenderun's Mystic Bla  Conj/Tloc      2%         2d3       99%         4
 Freezing Cloud           Conj/Ice/Air   1%         6-21      100%        5
 Starburst                Conj/Fire      1%         6d3       100%        6


Dungeon Overview and Level Annotations

Branches:
Dungeon (5/15)             Temple (1/1) D:4

Altars:
Dithmenos
Fedhas
Hepliaklqana
Kikubaaqudgha
Qazlal
Trog
Uskayaw
Xom

Shops:
D:4 (


Innate Abilities, Weirdness & Mutations

You have a pair of horns on your head.
You are partially covered in large bone plates. (SH +4)


Message History

You closely miss the iguana.
The iguana is severely wounded.
The iguana bites you.
You hit the iguana.
You kill the iguana!
You see here an iguana corpse.
There is an open door here.
You hear a distant slurping noise.
You hear a distant slurping noise.
There is an open door here.
You open the door.
There is an open door here.
An orc priest comes into view.
It is wielding a +2 hand axe of electrocution.
The orc priest shouts!
There is an open door here.
You start waiting.
An orc priest is nearby!
The orc priest looks satisfied for a moment.
You closely miss the orc priest. The orc priest barely misses you.
The orc priest mumbles some strange prayers to Beogh against you.
Pain shoots through your body!
An orc comes into view. It is wielding a +0 club.
You closely miss the orc priest.
The orc shouts!
The orc priest misses you.
An orc priest comes into view. It is wielding a +0 mace.
The orc priest shouts!
You hit the orc priest.
The orc priest is moderately wounded.
The orc priest hits you with a +2 hand axe of electrocution.
You are electrocuted!
You barely miss the orc priest. Your headbutt misses the orc priest.
Your punch misses the orc priest.
The orc priest is moderately wounded.
The orc priest calls down the wrath of Beogh upon you.
Beogh smites you!
* * * LOW HITPOINT WARNING * * *
The orc priest calls down the wrath of Beogh upon you.
Beogh smites you!
You die...

#.... #.... #....
#...#
#...####+####
#...#........
#...#........
#...#........
#..@#........
#...o..o.....
###'#####+##+####
#................
#................
#................
#................
#................
##+######'########


You could see 2 orc priests.

Vanquished Creatures
  A gnoll bouda (D:4)
  2 hounds (D:4)
  2 iguanas
  A hound skeleton (D:3)
  8 adders
  6 gnolls (D:4)
  An ufetubus (D:4)
  An adder skeleton (D:3)
  4 worms
  A dart slug (D:1)
  7 orcs
  4 bats
  9 endoplasms
  7 giant cockroaches
  8 goblins
  8 hobgoblins
  5 quokkas
  9 ball pythons
  A ball python zombie (D:3)
  3 frilled lizards
  A giant cockroach zombie (D:3)
  A jackal zombie (D:3)
  6 kobolds
  A quokka zombie (D:3)
  9 rats
106 creatures vanquished.

Notes
Turn   | Place    | Note
-------+----------+-------------------------------------------
     0 | D:1      | Chiseanne the Demonspawn Wanderer began the quest for the
                  | Orb.
     0 | D:1      | Chiseanne set off with the following items: a +2 short
                  | sword, a wand of polymorph (7), a scroll of fear, a +0
                  | robe; and the following spell memorised: Sandblast; and the
                  | following spells available to memorise: Stone Arrow.
     0 | D:1      | Reached XP level 1. HP: 15/15 MP: 2/2
   148 | D:1      | Gained mutation: You have a pair of small horns on your
                  | head. [demonic ancestry]
   148 | D:1      | Reached XP level 2. HP: 18/21 MP: 3/3
   490 | D:1      | Reached skill level 1 in Armour
   564 | D:1      | Reached XP level 3. HP: 27/27 MP: 5/5
   766 | D:2      | Identified the +5 sling of Woe {heavy, MP+9}
   775 | D:2      | Gained mutation: You are partially covered in large bone
                  | plates. (SH +4) [demonic ancestry]
   775 | D:2      | Reached XP level 4. HP: 33/33 MP: 5/6
  1164 | D:2      | Found a faded altar of an unknown god.
  1872 | D:3      | Reached XP level 5. HP: 33/39 MP: 8/8
  2366 | D:4      | Found a hazy altar of Hepliaklqana.
  2367 | D:4      | Found a shimmering altar of Xom.
  2368 | D:4      | Noticed a spectral ugly thing
  2368 | D:4      | Noticed a hell beast
  2556 | D:4      | Gained mutation: You have a pair of horns on your head.
                  | [demonic ancestry]
  2556 | D:4      | Reached XP level 6. HP: 16/47 MP: 10/10
  2795 | D:4      | Found a staircase to the Ecumenical Temple.
  2815 | Temple   | Entered the Ecumenical Temple
  3022 | D:4      | Found Efuhie's Antique Weapon Shoppe.
  3342 | D:5      | Entered Level 5 of the Dungeon
  3342 | D:5      | Noticed an ice beast
  3404 | D:5      | Found a blossoming altar of Fedhas.
  3612 | D:5      | Killed from afar by an orc priest

Illustrated notes

Levels and vault maps discovered:
D:1:      evilmike_arrival_rings, layout_basic, st_stairs_5, minmay_pentomino_q4
D:2:      layout_rooms, shapermc_ecumenical_altar_mp_ritualfount,
          kennysheep_boxes
D:3:      layout_basic, serial_undead, serial_undead_b, serial_undead_e,
          serial_undead_b, serial_undead_c
D:4:      layout_rooms, regret_index_temple_of_mockery,
          minmay_temple_entry_mini_moons, serial_shops, shop,
          minmay_misc_feat_iff
D:5:      layout_gridville, elyvilon_altar_1,
          mainiacjoe_overflow_small_starburst
Temple:   nicolae_temple_superstar

Skill      XL: |  1  2  3  4  5  6 |
---------------+-------------------+-----
Dodging        | 2 3 |  3.5
Armour         | 1 2 |  2.8
Fighting       | 2 3 |  3.3
Spellcasting   | 2 3 |  3.1
Short Blades   | |  1.7
Earth Magic    | |  1.0
Invocations    | |  1.2
Evocations     | |  2.0

Action                     |  1- 3 |  4- 6 || total
---------------------------+-------+-------++-------
  Melee: Short sword       |    96 |    41 ||   137
         Headbutt          |    11 |    16 ||    27
         Long sword        |       |    66 ||    66
   Fire: Sling             |     1 |   125 ||   126
    Use: Scroll            |     1 |     8 ||     9
 Armour: Ring mail         |    33 |    70 ||   103
  Dodge: Dodged            |    47 |   111 ||   158
  Block: Other             |       |    37 ||    37
